AoeStats
← AOELG_bravedave92

Glade

503356078Analyzed
1v1 RM · 1mo ago on Aug 31, 2026· 36m 59s· 2 players
Game mode
Random Map
Map size
Tiny (2 player)
Population
200
Speed
Normal
Resources
Standard
Victory
Conquest
Starting age
Dark Age
Ending age
Imperial Age
RankedLock teamsTeams togetherTeam positionsShared explorationLock speedFull tech treeHidden civsTurbo modeCheats
Victory
Defeat
🇸🇰 Lithuanians · Slovakia
884
+18
🇩🇪 Persians · Germany
928
-18
1Majo_SVK
0:33 Loom
12:21 Feudal Age
18:02 Castle Age
17:08 Gold Mining
20:42 Double-Bit Axe
30:48 Imperial Age
29:41 Bow Saw
32:30 Chemistry
AOELG_bravedave92
7:30 Loom
9:36 Feudal Age
13:17 Double-Bit Axe
19:01 Castle Age
17:44 Horse Collar
18:18 Forging
19:15 Scale Barding Armor
19:58 Bow Saw
22:02 Iron Casting
21:48 Chain Barding Armor
21:26 Fletching
22:25 Gold Mining
23:17 Pikeman
25:08 Scale Mail Armor
26:01 Bloodlines
28:55 Wheelbarrow
30:44 Heavy Plow
32:47 Chain Mail Armor
32:28 Bodkin Arrow
35:34 Hand Cart
39:44 Imperial Age
Connection lost

Rejoining the realm…

Still unreachable

The connection could not be restored.

Session expired

The server has moved on; the page needs a fresh start.